 Dungeon Crawl Stone Soup version 0.21.1-1-g345015fe64 (webtiles) character file.

392 Oravi the Insei (level 6, -3/43 HPs)
             Began as a Merfolk Transmuter on Apr 11, 2018.
             Was an Initiate of Qazlal.
             Killed by divine providence
             ... invoked by an orc priest
              (12 damage)
             ... on level 4 of the Dungeon.
             The game lasted 00:11:47 (3521 turns).

Oravi the Insei (Merfolk Transmuter)                Turns: 3521, Time: 00:11:48

Health: -3/43      AC:  2    Str:  9 (10) XL:     6   Next: 81%
Magic:  9/9        EV: 23    Int: 12 (14) God:    Qazlal [......]
Gold:   180        SH:  0    Dex: 19 (20) Spells: 3/9 levels left

rFire    . . .     SeeInvis .     - Unarmed
rCold    . . .     Gourm    .   (shield currently unavailable)
rNeg     . . .     Faith    .   (armour currently unavailable)
rPois    x         Spirit   .   (helmet currently unavailable)
rElec    .         Reflect  .   (cloak currently unavailable)
rCorr    .         Harm     .   (gloves currently unavailable)
MR       .....                  (boots currently unavailable)
Stlth    ++........             (no amulet)
HPRegen  0.14/turn              (no ring)
MPRegen  0.11/turn              (no ring)

@: spider-form (expiring), flying
A: tiny, (change form in water), (swift swim), (stealthy swim)
a: End Transformation, Renounce Religion


You were on level 4 of the Dungeon.
You worshipped Qazlal.
Qazlal was noncommittal.
You were not hungry.
You were a venomous arachnid creature.
You visited 2 branches of the dungeon, and saw 5 of its levels.

You collected 180 gold pieces.

Inventory:

Missiles
 a - 28 arrows
Armour
 b - a +1 robe (melded)
Jewellery
 i - an uncursed ring of magical power {unknown}
Scrolls
 j - a scroll of enchant armour
 l - a scroll of remove curse
Potions
 h - a potion of curing
Books
 c - a book of Changes

   Spells                             Type                      Level
   a - Beastly Appendage              Transmutation                1
   b - Sticks to Snakes               Transmutation                2
   c - Spider Form                    Transmutation/Poison         3
   d - Ice Form                       Ice/Transmutation            4
   e - Blade Hands                    Transmutation                5
Comestibles
 d - 4 rations
 f - 8 chunks of flesh


   Skills:
 + Level 1.5 Fighting
 + Level 4.1 Dodging
 + Level 5.6 Unarmed Combat
 - Level 2.0 Spellcasting
 * Level 5.3 Transmutations
 * Level 2.7 Poison Magic


You had 3 spell levels left.
You knew the following spells:

 Your Spells              Type           Power        Failure   Level  Hunger
a - Beastly Appendage     Tmut           ##....       11%         1    ##.....
b - Sticks to Snakes      Tmut           ##......     14%         2    ###....
c - Spider Form           Tmut/Pois      ##........   34%         3    ####...


Dungeon Overview and Level Annotations

Branches:
Dungeon (4/15)             Temple (1/1) D:4

Altars:
Dithmenos
Elyvilon
Fedhas
Gozag
Makhleb
Nemelex Xobeh
Okawaru
Qazlal
Ru
Sif Muna
Trog
Vehumet
Wu Jian
Xom
Yredelemnul
The Shining One


Message History

* * * LOW HITPOINT WARNING * * *
The orc barely misses you.
You barely miss the orc. The orc misses you. The orc barely misses you.
You hit the orc.
The orc is severely wounded.
You hit the orc.
You kill the orc!
Qazlal accepts your kill. The orc barely misses you.
The howler monkey hits you.
* * * LOW HITPOINT WARNING * * *
The orc priest casts a cantrip, but nothing happens.
You hit the howler monkey.
The howler monkey is poisoned.
The howler monkey is almost dead.
The howler monkey hoots and howls with incredible vigour!
You hit the howler monkey.
You kill the howler monkey!
Qazlal accepts your kill.
The orc priest calls down the wrath of Beogh upon you.
Beogh smites you!
You die...

#.......... #.......#
##.......## #.o......?#
# #oo.......# #
#.......###+####
##......#.....##
#####+###oo....#.⌠.⌠.#.
#.....s†oooo...+..>..+.
#......#########.⌠.⌠.##
#......##......#.....##
#......).).....###'###.
##.....##..............
########..............
#....)..........
#...............
#...............


You could see an orc priest and 5 orcs.

Vanquished Creatures
  A howler monkey (D:4)
  A gnoll shaman (D:4)
  2 orc wizards
  A bullfrog skeleton (D:2)
  2 worker ants
  4 adders
  7 gnolls
  An ooze (D:1)
  A worm (D:3)
  A dart slug (D:3)
  3 leopard geckos
  8 orcs
  A ball python (D:2)
  10 goblins
  6 hobgoblins
  10 jackals
  3 kobolds
  A quokka (D:3)
  6 bats
  5 frilled lizards
  3 rats (D:3)
77 creatures vanquished.

Notes
Turn   | Place    | Note
-------+----------+-------------------------------------------
     0 | D:1      | Oravi the Merfolk Transmuter began the quest for the Orb.
     0 | D:1      | Reached XP level 1. HP: 15/15 MP: 3/3
    48 | D:1      | Reached XP level 2. HP: 20/21 MP: 3/5
  1294 | D:1      | Reached XP level 3. HP: 14/26 MP: 4/6
  1323 | D:1      | Learned a level 2 spell: Sticks to Snakes
  1327 | D:1      | Learned a level 3 spell: Spider Form
  1588 | D:2      | Found a glowing golden altar of the Shining One.
  1705 | D:2      | Reached XP level 4. HP: 18/32 MP: 3/7
  1894 | D:2      | Reached skill level 1 in Poison Magic
  2199 | D:3      | Reached XP level 5. HP: 37/37 MP: 1/8
  2898 | D:4      | Reached skill level 5 in Unarmed Combat
  2898 | D:4      | Reached XP level 6. HP: 34/43 MP: 4/9
  2957 | D:3      | Reached skill level 5 in Transmutations
  3065 | D:4      | Found a staircase to the Ecumenical Temple.
  3081 | Temple   | Entered the Ecumenical Temple
  3177 | Temple   | Became a worshipper of Qazlal Stormbringer
  3521 | D:4      | Killed from afar by an orc priest

Skill      XL: |  1  2  3  4  5  6 |
---------------+-------------------+-----
Transmutations | 3 4 5 |  5.3
Dodging        | 3 4 |  4.1
Unarmed Combat | 4 5 |  5.6
Poison Magic   | 1 2 |  2.7
Fighting       | |  1.5
Spellcasting   | |  2.0

Action                   |  1- 3 |  4- 6 || total
-------------------------+-------+-------++-------
Melee: Unarmed           |   110 |   146 ||   256
       Headbutt          |     8 |       ||     8
 Cast: Beastly Appendage |    14 |     2 ||    16
       Spider Form       |     3 |    21 ||    24
  Use: Scroll            |     4 |     1 ||     5
       Potion            |       |     7 ||     7
 Stab: Sleeping          |     1 |       ||     1
  Eat: Chunk             |     3 |    10 ||    13
Armor: Robe              |    25 |     7 ||    32
       Skin              |     1 |    10 ||    11
Dodge: Dodged            |    96 |   150 ||   246
